 Dungeon Crawl Stone Soup version 0.16.1-4-g8e1b745 (webtiles) character file.

182 Psiweapon the Ruffian (level 5, 3/40 HPs)
             Began as a Draconian Transmuter on Mar 27, 2015.
             Quit the game on level 4 of the Dungeon.
             The game lasted 00:09:30 (3869 turns).

Psiweapon the Ruffian (Draconian Transmuter)        Turns: 3869, Time: 00:09:30

Health: 3/40       AC:  6    Str: 13    XL:     5   Next: 34%
Magic:  9/9        EV: 12    Int: 14    God:
Gold:   95         SH:  0    Dex: 11    Spells: 1 memorised, 7 levels left

rFire  . . .     SeeInvis .       - Unarmed
rCold  + . .     Clarity  .     (armour unavailable)
rNeg   . . .     SustAb   .     (no shield)
rPois  .         Gourm    .     (helmet restricted)
rElec  .         Spirit   .     (no cloak)
rCorr  .         Warding  .     n - +0 pair of gloves
rMut   .         Stasis   .     (no boots)
MR     .....                    (no amulet)
Stlth  +.........               (no ring)
                                w - ring of protection from cold

@: vulnerable, not resistant to hostile enchantments, very unstealthy
A: unfitting armour, cold-blooded, AC +5
a: no special abilities


You were on level 4 of the Dungeon.
You were not hungry.

You visited 1 branch of the dungeon, and saw 4 of its levels.

You collected 149 gold pieces.
You spent 54 gold pieces at shops.

Inventory:

Hand weapons
 x - a -1 long sword
Missiles
 b - 12 arrows
 j - 2 throwing nets (quivered)
Armour
 n - a +0 pair of gloves (worn)
Jewellery
 w - a ring of protection from cold (left hand)
Scrolls
 c - a scroll of teleportation {unknown}
 g - a scroll of enchant armour {unknown}
 k - 3 scrolls of identify {unknown}
 m - a scroll of fog {unknown}
 o - 2 scrolls of remove curse {unknown}
 p - 2 scrolls of recharging {unknown}
 r - a scroll of fear {unknown}
 t - a scroll of blinking {unknown}
Potions
 e - a potion of haste {unknown}
 f - a potion of mutation {unknown}
 h - a potion of curing {unknown}
 i - a potion of resistance {unknown}
 s - a potion of heal wounds {unknown}
 A - a potion of agility {unknown}
Books
 d - a book of Changes

   Spells                             Type                      Level
   a - Beastly Appendage              Transmutation                1
   b - Sticks to Snakes               Transmutation                2
   c - Spider Form                    Transmutation/Poison         3
   d - Ice Form                       Ice/Transmutation            4
   e - Blade Hands                    Transmutation                5
Comestibles
 a - 3 bread rations
 l - 4 meat rations


   Skills:
 - Level 1.1 Fighting
 - Level 1.7 Dodging
 + Level 5.1 Unarmed Combat
 - Level 2.0 Spellcasting
 + Level 3.8 Transmutations


You had 7 spell levels left.
You knew the following spells:

 Your Spells              Type           Power        Failure   Level  Hunger
a - Beastly Appendage     Trmt           ##....       6%          1    ##.....


Dungeon Overview and Level Annotations

Branches:
Dungeon (4/15)
 Temple: D:4-7

Altars:
Elyvilon
Fedhas
Makhleb
Nemelex Xobeh
Okawaru
Qazlal
Ru
Sif Muna
Trog
Vehumet

Shops:
D:4 *


Innate Abilities, Weirdness & Mutations

Your plain brown scales are hard (AC +5).
Your body does not fit into most forms of armour.
Your cold-blooded metabolism reacts poorly to cold.


Message History

* * * LOW HITPOINT WARNING * * *
The phantom blinks!
Found a murky coppery potion.
Read which item? (? for menu, Esc to quit)
As you read the scroll labeled HOGRACHYFE, it crumbles to dust.
Magic quickly surges around you.
It was a scroll of vulnerability.
Read which item? (? for menu, Esc to quit)
As you read the scroll labeled ZUH IVIAFACOF, it crumbles to dust.
It is a scroll of enchant weapon.
Enchant which weapon? (? for menu, Esc to quit)
Your glowing long sword glows red for a moment.
Read which item? (? for menu, Esc to quit)
As you read the scroll labeled QIJUMI TOPPAF, it crumbles to dust.
The creatures around you are filled with an inner flame!
It was a scroll of immolation.
An iguana comes into view.
The iguana hisses angrily.
Your horns disappear.
The iguana barely misses you.
Are you sure you want to abandon this character and quit the game? (Confirm with "yes".)

#.# #.# #.#
########.###
#........#!.
#.########.#
#.# #.# #.#
#l# #.# #@#
#ยง# #W# #.#
#.#
#.########.#
#..(((.....#
#(##########
###


You could see a phantom (inner flame) and an iguana.

Vanquished Creatures
  An iguana (D:4)
  A worker ant (D:4)
  3 adders
  4 worms
  5 giant geckos
  6 orcs (D:3)
  3 giant cockroaches
  9 hobgoblins
  5 kobolds
  A quokka (D:2)
  3 ball pythons
  12 bats
  3 giant newts (D:1)
  5 goblins
  4 jackals (D:3)
  A jackal skeleton (D:4)
  7 rats
73 creatures vanquished.

Vanquished Creatures (others)
  A bat (D:2)
  A giant newt (D:2)
2 creatures vanquished.

Grand Total: 75 creatures vanquished

Notes
Turn   | Place    | Note
--------------------------------------------------------------
     0 | D:1      | Psiweapon, the Draconian Transmuter, began the quest for the Orb.
     0 | D:1      | Reached XP level 1. HP: 16/16 MP: 3/3
   561 | D:1      | Reached XP level 2. HP: 21/23 MP: 2/4
  1210 | D:2      | Reached XP level 3. HP: 12/28 MP: 4/6
  1407 | D:2      | Reached skill level 4 in Unarmed Combat
  1920 | D:2      | Found a white marble altar of Elyvilon.
  1941 | D:2      | Reached XP level 4. HP: 35/35 MP: 7/7
  2097 | D:2      | Found a bloodstained altar of Trog.
  3023 | D:3      | Found a blossoming altar of Fedhas.
  3028 | D:3      | Found a stormy altar of Qazlal.
  3033 | D:3      | Found a deep blue altar of Sif Muna.
  3044 | D:3      | Found a radiant altar of Vehumet.
  3051 | D:3      | Found a burning altar of Makhleb.
  3056 | D:3      | Found a sparkling altar of Nemelex Xobeh.
  3063 | D:3      | Found a sacrificial altar of Ru.
  3283 | D:3      | Found an iron altar of Okawaru.
  3421 | D:4      | Reached XP level 5. HP: 40/40 MP: 9/9
  3501 | D:4      | Found Minil's Assorted Antiques.
  3509 | D:4      | Bought a scroll labeled ZUH IVIAFACOF for 27 gold pieces
  3509 | D:4      | Bought a scroll labeled HOGRACHYFE for 27 gold pieces
  3555 | D:4      | Reached skill level 5 in Unarmed Combat
  3798 | D:4      | Noticed a phantom
  3860 | D:4      | HP: 2/40 [phantom (1)]
  3869 | D:4      | Quit the game

Action                   |  1- 3 |  4- 6 || total
-------------------------+-------+-------++-------
Melee: Unarmed           |   138 |   185 ||   323
Throw: Throwing net      |       |     2 ||     2
       Javelin           |       |    12 ||    12
 Cast: Beastly Appendage |    21 |    13 ||    34
  Use: Scroll            |       |     3 ||     3
 Stab: Held in net/web   |       |     2 ||     2
  Eat: Chunk             |     4 |     6 ||    10
